 Dungeon Crawl Stone Soup version 0.22-a0-571-g4a923d4 (webtiles) character file.

677 Cunctator the Covert (level 7, 0/32 HPs)
             Began as a Spriggan Enchanter on July 1, 2018.
             Slain by an ice beast (11 damage)
             ... on level 5 of the Dungeon.
             The game lasted 00:27:37 (6186 turns).

Cunctator the Covert (Spriggan Enchanter)           Turns: 6186, Time: 00:27:37

Health: 0/32       AC:  2    Str:  4    XL:     7   Next: 33%
Magic:  14/14      EV: 18    Int: 17    God:
Gold:   179        SH:  0    Dex: 18    Spells: 8/14 levels left

rFire    . . .     SeeInvis +   a - +1 dagger
rCold    . . .     Gourm    .   (shield restricted)
rNeg     . . .     Faith    .   b - +0 robe
rPois    .         Spirit   .   (helmet restricted)
rElec    .         Reflect  .   (no cloak)
rCorr    .         Harm     .   (gloves unavailable)
MR       +....                  (boots unavailable)
Stlth    ++........             (no amulet)
HPRegen  0.10/turn              (no ring)
MPRegen  0.14/turn              (no ring)

@: slow
A: very small, unfitting armour, see invisible, herbivore, speed 3, slow
metabolism 2
a: no special abilities


You were on level 5 of the Dungeon.
You were not hungry.

You visited 1 branch of the dungeon, and saw 5 of its levels.

You collected 179 gold pieces.

Inventory:

Hand Weapons
 a - a +1 dagger (weapon)
Missiles
 e - 63 arrows
 g - 108 stones (quivered)
Armour
 b - a +0 robe (worn)
 c - a +0 ring mail of cold resistance
 w - a +0 leather armour
Jewellery
 j - a +4 ring of strength {unknown}
 s - an uncursed ring of fire
 v - an uncursed ring of fire
Scrolls
 h - a scroll of identify
 i - a scroll of fear {unknown}
 l - 3 scrolls of amnesia
 n - 2 scrolls of fog
 o - a scroll of magic mapping {unknown}
 q - a scroll of blinking {unknown}
 u - a scroll of noise {unknown}
Potions
 f - 2 potions of agility
 k - 2 potions of mutation
 m - a potion of degeneration {unknown}
 p - a potion of brilliance {unknown}
 r - a potion of curing {unknown}
 t - a potion of heal wounds {unknown}
Comestibles
 d - 5 rations


   Skills:
 + Level 3.6 Short Blades
 - Level 3.0 Dodging
 + Level 8.7 Stealth
 - Level 4.0 Spellcasting
 + Level 5.4 Hexes
 - Level 2.6 Ice Magic


You had 8 spell levels left.
You knew the following spells:

 Your Spells              Type           Power        Failure   Level  Hunger
a - Corona                Hex            ###....      1%          1    None
b - Ensorcelled Hibernat  Hex/Ice        ###...       4%          2    ##.....
c - Tukima's Dance        Hex            ###.....     5%          3    ###....

Your spell library contained the following spells:

 Spells                   Type           Power        Failure   Level  Hunger
 Fireball                 Conj/Fire      #.........   99%         5    ######.
 Conjure Flame            Conj/Fire      #.......     43%         3    ###....
 Confuse                  Hex            ###.....     5%          3    ###....
 Throw Flame              Conj/Fire      #.....       24%         2    ##.....
 Sticky Flame             Conj/Fire      #.......     83%         4    ####...
 Flame Tongue             Conj/Fire      #....        16%         1    None
 Inner Flame              Hex/Fire       ##......     16%         3    ###....
 Dazzling Spray           Conj/Hex       ##....       16%         3    ###....


Dungeon Overview and Level Annotations

Branches:
Dungeon (5/15)
 Temple: D:4-7

Altars:
Ashenzari
Sif Muna
Vehumet


Innate Abilities, Weirdness & Mutations

You are very small and have problems with some larger weapons.
You are too small for most types of armour.
You have supernaturally acute eyesight. (SInv)
You are a herbivore.
You cover ground extremely quickly.
You need to consume almost no food.


Message History

Aim: an ice beast (chance to defeat MR: 60%)
The ice beast struggles to resist.
The ice beast closely misses you.
Casting: Corona (safe; 1% risk of failure)
Confirm with . or Enter, or press ? or * to list all spells.
Aiming: Corona (safe; 1% risk of failure)
Press: ? - help, Shift-Dir - straight line, f/p - ice beast
Aim: an ice beast (chance to defeat MR: 60%)
The ice beast is outlined in light.
The ice beast completely misses you.
You hit the ice beast but do no damage. The ice beast closely misses you.
You hit the ice beast but do no damage. The ice beast completely misses you.
You barely miss the ice beast. The ice beast misses you.
You hit the ice beast but do no damage. You hit the ice beast but do no damage.
The ice beast hits you. The ice beast freezes you!
You hit the ice beast but do no damage. The ice beast hits you.
The ice beast freezes you!
The ice beast stops glowing.
The ice beast misses you. The ice beast hits you. The ice beast freezes you!
You die...

#.##### #≈...#...
#....###........
#....'.#........
#....'.'........
##....###........
##.#######....#...
#≈## #≈##≈.###)#
##≈≈####≈≈##≈≈.# ≈≈
#≈@≈##≈≈≈≈≈##≈≈≈≈ ≈
#≈Y≈#≈≈≈≈≈≈≈##.#≈.≈
#≈≈≈#≈≈≈≈≈≈≈≈##..#.
#≈≈≈≈≈≈≈≈≈≈≈≈≈ ##
#≈≈≈≈≈≈≈≈≈≈≈≈≈
#≈≈≈≈≈≈#.≈≈≈≈≈
#≈≈≈≈≈≈#P.≈≈≈≈
#≈≈≈≈≈≈#P..≈≈.
#≈≈≈#≈≈#.#####


You could see an ice beast.

Vanquished Creatures
  A sky beast (D:5)
  An ice beast (D:5)
  2 scorpions
  A howler monkey (D:5)
  A jelly (D:5)
  A hound (D:5)
  2 orc priests
  An orc wizard (D:5)
  A bullfrog skeleton (D:5)
  An iguana (D:5)
  A hound skeleton (D:5)
  5 adders
  2 adder zombies (D:5)
  An adder skeleton (D:5)
  A worm (D:5)
  3 dart slugs (D:1)
  6 leopard geckos
  8 orcs
  10 bats
  6 giant cockroaches
  7 goblins
  7 hobgoblins
  A quokka (D:4)
  A ball python (D:1)
  A ball python skeleton (D:5)
  3 frilled lizards
  6 kobolds
  2 rats
83 creatures vanquished.

Vanquished Creatures (collateral kills)
  An orc (D:5)
1 creature vanquished.

Vanquished Creatures (others)
  A dancing weapon (D:5)
1 creature vanquished.

Grand Total: 85 creatures vanquished

Notes
Turn   | Place    | Note
-------+----------+-------------------------------------------
     0 | D:1      | Cunctator the Spriggan Enchanter began the quest for the Orb.
     0 | D:1      | Reached XP level 1. HP: 9/9 MP: 5/5
   332 | D:1      | Reached XP level 2. HP: 5/13 MP: 3/6
   701 | D:1      | Reached skill level 5 in Stealth
   801 | D:1      | Learned a level 2 spell: Ensorcelled Hibernation
  1361 | D:2      | Reached XP level 3. HP: 16/16 MP: 2/8
  1684 | D:2      | Reached skill level 6 in Stealth
  2297 | D:3      | Reached skill level 1 in Ice Magic
  2411 | D:3      | Found a shattered altar of Ashenzari.
  2422 | D:3      | Found a deep blue altar of Sif Muna.
  2491 | D:3      | Reached XP level 4. HP: 11/21 MP: 6/9
  4155 | D:4      | Found a radiant altar of Vehumet.
  4313 | D:5      | Entered Level 5 of the Dungeon
  4667 | D:4      | Reached skill level 7 in Stealth
  4667 | D:4      | Reached XP level 5. HP: 16/24 MP: 2/11
  4838 | D:5      | Noticed an ice beast
  4845 | D:5      | Killed an ice beast
  4845 | D:5      | Reached XP level 6. HP: 28/28 MP: 13/13
  5148 | D:5      | Learned a level 3 spell: Tukima's Dance
  5377 | D:5      | Reached skill level 8 in Stealth
  5741 | D:5      | Reached XP level 7. HP: 32/32 MP: 14/14
  5844 | D:5      | Reached skill level 5 in Hexes
  6186 | D:5      | Slain by an ice beast

Vault maps used:
D:1:      eino_arrival_water_cross, minmay_misc_feat_alley
D:2:      first_ration
D:3:      amethyst_overflow_temple_binary
D:4:      kennysheep_mini, kennysheep_doodads
D:5:      wad_lake_hut

Skill      XL: |  1  2  3  4  5  6  7 |
---------------+----------------------+-----
Stealth        | 5 6 7 8 |  8.7
Spellcasting   | 3 4 |  4.0
Ice Magic      | 1 2 |  2.6
Short Blades   | 2 3 |  3.6
Hexes          | 4 5 |  5.4
Dodging        | |  3.0

Action                   |  1- 3 |  4- 6 |  7- 9 || total
-------------------------+-------+-------+-------++-------
Melee: Dagger            |   150 |   153 |    21 ||   324
 Cast: Corona            |    10 |     6 |     3 ||    19
       Ensorcelled Hiber |    23 |    39 |     4 ||    66
       Tukima's Dance    |       |     5 |       ||     5
  Use: Scroll            |       |       |     5 ||     5
 Stab: Sleeping          |    23 |    26 |     2 ||    51
  Eat: Ration            |       |     3 |     1 ||     4
Armor: Robe              |    25 |    10 |     1 ||    36
Dodge: Dodged            |   140 |   112 |    20 ||   272

Table legend:
 A = Spawn XP
 B = Non-spawn XP
 C = Spawn XP percentage of total XP
 D = Spawn monster count
 E = Non-spawn monster count
 F = Spawn count percentage of total count
 G = Total turns spent on level
                    A         B        C        D         E        F      G
               +---------+---------+-------+---------+---------+-------+---------
         Total |       0 |     968 |   0.0 |       0 |      84 |   0.0 |  6186
               +---------+---------+-------+---------+---------+-------+---------
           D:1 |       0 |      38 |   0.0 |       0 |      19 |   0.0 |  1257
           D:2 |       0 |      28 |   0.0 |       0 |      10 |   0.0 |  1112
           D:3 |       0 |     114 |   0.0 |       0 |      27 |   0.0 |  1616
           D:4 |       0 |      78 |   0.0 |       0 |       5 |   0.0 |   448
           D:5 |       0 |     710 |   0.0 |       0 |      23 |   0.0 |  1753
               +---------+---------+-------+---------+---------+-------+---------
